 Dungeon Crawl Stone Soup version 0.25-a0-1132-g9d38388ac0 (webtiles) character file.

Game seed: 1377704500657901689, levelgen mode: deterministic

12166 Maedhros the Martial Artist (level 11, -1/85 HPs)
             Began as an Octopode Artificer on May 20, 2020.
             Was a High Priest of Cheibriados.
             Killed from afar by Azrael (46 damage)
             ... with damnation
             ... on level 12 of the Dungeon.
             The game lasted 00:31:49 (5895 turns).

Maedhros the Martial Artist (Octopode Artificer)    Turns: 5895, Time: 00:31:50

Health: -1/85      AC:  3    Str: 29    XL:     11   Next: 89%
Magic:  13/13      EV: 21    Int: 25    God:    Cheibriados [*****.]
Gold:   106        SH: 16    Dex: 25    Spells: 9/10 levels left

rFire    . . .     SeeInvis .     - Unarmed
rCold    . . .     Gourm    .   h - +3 kite shield
rNeg     + . .     Faith    .   (helmet restricted)
rPois    +         Spirit   .   j - amulet of regeneration
rElec    .         Reflect  .   a - ring of stealth
rCorr    .         Harm     .   (no ring)
MR       .....                  q - ring of poison resistance
Stlth    ++++++....             B - ring of positive energy
HPRegen  0.64/turn              C - +6 ring of strength
MPRegen  0.13/turn              (no ring)
                                (no ring)
                                (no ring)

@: very slow
A: almost no armour, stealthy swim, amphibious, 8 rings, constrict 8, icy blue
scales 1, camouflage 2, blink, clumsy 1, dopey 1, poison resistance, robust 1,
gelatinous body 1
a: Blink, Bend Time, Temporal Distortion, Slouch, Step From Time, Renounce
Religion


You were on level 12 of the Dungeon.
You worshipped Cheibriados.
Cheibriados was extremely pleased with you.
You were not hungry.

You visited 2 branches of the dungeon, and saw 13 of its levels.

You collected 405 gold pieces.
You spent 299 gold pieces at shops.

Inventory:

Hand Weapons
 m - a +3 dagger of venom
 I - the +0 quarterstaff of Wrath {vorpal, Int+5 Dex-5, unknown}
   (You found it on level 7 of the Dungeon)

   It inflicts extra damage upon your enemies.
   It affects your intelligence (+5).
   It affects your dexterity (-5).
Missiles
 k - 33 poisoned darts (quivered)
 D - 22 boomerangs
 J - 14 javelins
 L - 2 throwing nets
Armour
 h - a +3 kite shield (worn)
Magical Staves
 y - an uncursed staff of wizardry {unknown}
 z - an uncursed staff of poison {unknown}
 M - an uncursed staff of conjuration {unknown}
Jewellery
 a - a ring of stealth (left tentacle)
 j - an amulet of regeneration (around mantle)
 l - an uncursed amulet of reflection
 q - a ring of poison resistance (on tentacle)
 B - a ring of positive energy (on tentacle)
 C - a +6 ring of strength (on tentacle)
 P - a cursed amulet of inaccuracy {unknown}
Wands
 b - a wand of flame (14)
 c - a wand of enslavement (1)
 o - a wand of polymorph (7)
 x - a wand of digging (7)
 A - a wand of disintegration (2)
 K - a wand of iceblast (3)
 O - a wand of clouds (6)
Scrolls
 g - 4 scrolls of remove curse
 n - 2 scrolls of amnesia {unknown}
 r - 2 scrolls of immolation
 s - 7 scrolls of teleportation
 u - a scroll of fear {unknown}
 v - a scroll of silence {unknown}
 E - 2 scrolls of fog {unknown}
 G - a scroll of magic mapping
 N - 2 scrolls of identify
Potions
 d - a potion of lignification
 i - 4 potions of curing
 p - a potion of flight
 t - 4 potions of brilliance
 w - 2 potions of heal wounds
 F - a potion of magic
 H - 3 potions of ambrosia
Comestibles
 f - 9 rations


   Skills:
 + Level 8.9 Fighting
 - Level 1.0 Short Blades
 + Level 9.1 Dodging
 - Level 4.0 Stealth
 * Level 8.8 Shields
 - Level 10.1 Unarmed Combat
 - Level 1.5 Transmutations
 * Level 0.3 Invocations
 - Level 3.2 Evocations


You had 9 spell levels left.
You knew the following spells:

 Your Spells              Type           Power        Failure   Level  Hunger
a - Beastly Appendage     Tmut           #.....       16%         1    ##.....

Your spell library contained the following spells:

 Spells                   Type           Power        Failure   Level  Hunger
 Sticks to Snakes         Tmut           #.......     24%         2    ###....
 Spider Form              Tmut/Pois      #.........   54%         3    ####...
 Confusing Touch          Hex            #.......     65%         3    ####...
 Gell's Gravitas          Tloc           #.........   65%         3    ####...
 Ice Form                 Ice/Tmut       #.......     91%         4    #####..
 Petrify                  Tmut/Erth      #.......     91%         4    #####..
 Blade Hands              Tmut           #.........   99%         5    ######.
 Yara's Violent Unravell  Hex/Tmut       #.........   99%         5    ######.
 Metabolic Englaciation   Hex/Ice        #.........   100%        5    ######.


Dungeon Overview and Level Annotations

Branches:
Dungeon (12/15)            Temple (1/1) D:6             Orc (0/2) D:9
   Lair: D:8-11

Altars:
Ashenzari
Cheibriados
Dithmenos
Elyvilon
Fedhas
Gozag
Hepliaklqana
Kikubaaqudgha
Makhleb
Nemelex Xobeh
Okawaru
Qazlal
Ru
Sif Muna
Trog
Uskayaw
Vehumet
Wu Jian
Xom
Yredelemnul
Zin
The Shining One
Beogh

Shops:
D:6 }   D:9 !   D:11 :

Annotations:
D:7 Dowan, Duvessa
D:12 Azrael


Innate Abilities, Weirdness & Mutations

You cannot wear most types of armour.
You are very stealthy in the water. (Stealth+)
You are amphibious.
You can wear up to eight rings at the same time.
You can use your tentacles to constrict eight enemies at once.
Your skin blends seamlessly with your surroundings (Stealth++).
Your rubbery body absorbs attacks. (AC +1, EV +1)
You are partially covered in icy blue scales. (AC +2)
You can translocate small distances at will.
You are clumsy. (Dex -2)
You are dopey. (Int -2)
Your system is resistant to poisons. (rPois)
You are robust. (+10% HP)


Message History

Azrael is heavily wounded.
Evoke which item? (* to show all) (? for menu, Esc to quit)
Aiming: Iceblast
Press: ? - help, Shift-Dir - straight line The mass of ice explodes!
The iceblast engulfs the hell hound!
The hell hound is frozen!
You kill the hell hound!
Cheibriados appreciates the change of pace.
The iceblast engulfs Azrael!!
Azrael is frozen!
Azrael is severely wounded.
You hear a horrible gurgling sound!
A hell hound comes into view.
Azrael gestures at you. The bolt of fire hits you!!
* * * LOW HITPOINT WARNING * * *
You feel much better. Azrael gestures at you.
The sphere of damnation explodes!
The damnation engulfs you!!!
Ouch! That really hurt!
You die...

######### #.......#
#.....<.# #..)....#
########..()...####
..^....#......<.@.#
##.###.........##...R...
#. #..#.#..### ###○.h.
#. ##.######### ### #.
#......#..### #.
#.#..#.#..')# ##
#..##..#'####
#..##..#...##
#.#..#.#)#.#


You could see Azrael and a hell hound.

Vanquished Creatures
  Harold (D:7)
  A two-headed ogre (D:11)
  A wizard (D:12)
  3 ugly things
  A water nymph (D:9)
  Psyche (D:8)
  2 trolls (D:12)
  Prince Ribbit (D:7)
  A polar bear (D:9)
  Sigmund (D:2)
  2 fire elementals (D:12)
  6 yaks
  A wyvern (D:10)
  A steam dragon (D:7)
  A hungry ghost (D:12)
  2 hell hounds (D:12)
  8 orc warriors
  3 ice beasts (D:9)
  5 sky beasts
  A wolf (D:9)
  3 ogres
  4 centaurs
  7 bullfrogs
  A water moccasin zombie (D:6)
  4 scorpions
  A wyvern skeleton (D:10)
  11 wights
  3 electric eels (D:9)
  5 crimson imps
  A howler monkey (D:8)
  A quasit (D:8)
  A bullfrog zombie (D:6)
  6 hounds
  3 centaur skeletons
  A jelly (D:8)
  5 orc priests
  2 iguanas
  Terence (D:2)
  A bullfrog skeleton (D:10)
  Natasha (twice) (D:2)
  9 orc wizards
  4 worker ants
  2 human simulacra (D:11)
  3 hound skeletons
  4 worker ant zombies (D:6)
  Robin (D:3)
  10 adders
  2 shadow imps
  3 white imps (D:9)
  A worker ant simulacrum (D:9)
  2 ufetubi (D:9)
  An adder zombie (D:6)
  2 worms
  A dart slug (D:1)
  4 leopard geckos
  47 orcs
  5 giant cockroaches
  13 goblins
  7 hobgoblins
  8 jackals
  9 kobolds
  A quokka (D:3)
  2 ball pythons
  10 bats
  2 frilled lizards (D:1)
  A giant cockroach zombie (D:6)
  A jackal skeleton (D:5)
  A kobold zombie (D:4)
  2 quokka skeletons
  8 rats
272 creatures vanquished.

Vanquished Creatures (collateral kills)
  A hydra (D:12)
  A shadow (D:12)
  A wyvern (D:12)
  A yak (D:9)
  A centaur (D:12)
  A bullfrog (D:8)
  A jackal (D:2)
  A giant cockroach zombie (D:6)
8 creatures vanquished.

Vanquished Creatures (others)
  A yak (D:9)
  A wyvern zombie (D:6)
  A jackal (D:2)
3 creatures vanquished.

Grand Total: 283 creatures vanquished

Notes
Turn   | Place    | Note
-------+----------+-------------------------------------------
     0 | D:1      | Maedhros the Octopode Artificer began the quest for the
                  | Orb.
     0 | D:1      | Reached XP level 1. HP: 13/13 MP: 3/3
    81 | D:2      | Noticed Sigmund
    84 | D:2      | Killed Sigmund
    84 | D:2      | Reached skill level 4 in Unarmed Combat
    84 | D:2      | Reached XP level 2. HP: 10/18 MP: 4/4
    84 | D:2      | Reached XP level 3. HP: 13/23 MP: 5/5
    84 | D:2      | Reached XP level 4. HP: 15/28 MP: 6/6
    84 | D:2      | Reached XP level 5. HP: 18/33 MP: 7/7
   118 | D:2      | Noticed Natasha
   462 | D:2      | Killed Natasha
   479 | D:2      | Found a faded altar of an unknown god.
   588 | D:3      | Reached XP level 6. HP: 36/38 MP: 8/8
   622 | D:3      | Learned a level 1 spell: Beastly Appendage
   848 | D:3      | Found a white marble altar of Elyvilon.
   938 | D:5      | Entered Level 5 of the Dungeon
   942 | D:5      | Reached skill level 5 in Unarmed Combat
   942 | D:5      | Reached skill level 1 in Transmutations
  1185 | D:4      | Found a glowing golden altar of the Shining One.
  1231 | D:6      | Noticed an orc warrior
  1236 | D:6      | Killed an orc warrior
  1238 | D:6      | Reached XP level 7. HP: 38/43 MP: 9/9
  1243 | D:6      | Reached skill level 1 in Shields
  1387 | D:6      | Found Pedam's Gadget Boutique.
  1445 | D:6      | Found a blossoming altar of Fedhas.
  1461 | D:6      | Reached skill level 6 in Unarmed Combat
  1483 | D:6      | Found a staircase to the Ecumenical Temple.
  1498 | Temple   | Entered the Ecumenical Temple
  1899 | D:4      | Found a burning altar of Makhleb.
  1899 | D:4      | Found a shimmering altar of Xom.
  1905 | D:4      | Became a worshipper of Xom of Chaos
  1994 | D:2      | Noticed Terence
  2000 | D:2      | Killed Terence
  2318 | D:2      | Noticed Natasha
  2332 | D:2      | Killed Natasha
  2407 | D:2      | XOM: cloud trail
  2541 | D:3      | Noticed Robin
  2554 | D:3      | Killed Robin
  2559 | D:3      | XOM: silly message
  2855 | D:5      | Reached XP level 8. HP: 39/51 MP: 10/10
  3107 | D:7      | XOM: noise
  3107 | D:7      | Found a glowing silver altar of Zin.
  3107 | D:7      | Found an ornate altar of the Wu Jian Council.
  3108 | D:7      | Found a basalt altar of Yredelemnul.
  3108 | D:7      | Found a stormy altar of Qazlal.
  3108 | D:7      | Found a snail-covered altar of Cheibriados.
  3108 | D:7      | Found a bloodstained altar of Trog.
  3116 | D:7      | Noticed Prince Ribbit
  3125 | D:7      | Reached skill level 7 in Unarmed Combat
  3128 | D:7      | XOM: smoke on damage
  3136 | D:7      | XOM: cast spell 'Cause Fear'
  3139 | D:7      | Killed Prince Ribbit
  3291 | D:7      | Fell from the grace of Xom
  3291 | D:7      | Became a worshipper of Cheibriados the Contemplative
  3331 | D:7      | Got a fine quarterstaff
  3374 | D:7      | Reached XP level 9. HP: 51/58 MP: 11/11
  3403 | D:7      | Reached skill level 8 in Unarmed Combat
  3446 | D:7      | Found a shadowy altar of Dithmenos.
  3507 | D:7      | Found a radiant altar of Vehumet.
  3524 | D:7      | XOM: give mutations
  3524 | D:7      | Gained mutation: You are robust. (+10% HP) [Xom's grace]
  3524 | D:7      | Gained mutation: Your system is resistant to poisons.
                  | (rPois) [Xom's grace]
  3538 | D:7      | Reached skill level 5 in Dodging
  3567 | D:7      | XOM: give mutations
  3567 | D:7      | Gained mutation: Your skin blends seamlessly with your
                  | surroundings (Stealth++). [Xom's mischief]
  3567 | D:7      | Gained mutation: You have a pair of small antennae on your
                  | head. [Xom's mischief]
  3567 | D:7      | Gained mutation: You occasionally shout uncontrollably at
                  | your foes. [Xom's mischief]
  3567 | D:7      | Gained mutation: You are dopey. (Int -2) [Xom's mischief]
  3623 | D:8      | Lost mutation: You occasionally shout uncontrollably at
                  | your foes. [potion of mutation]
  3623 | D:8      | Gained mutation: You are partially covered in icy blue
                  | scales. (AC +2) [potion of mutation]
  3639 | D:8      | Reached * piety under Cheibriados
  3683 | D:8      | Noticed Psyche
  3690 | D:8      | Killed Psyche
  3690 | D:8      | Reached skill level 5 in Fighting
  3703 | D:8      | Reached skill level 9 in Unarmed Combat
  3749 | D:8      | XOM: give mutations
  3749 | D:8      | Gained mutation: You are weak. (Str -2) [Xom's mischief]
  3749 | D:8      | Gained mutation: You can translocate small distances at
                  | will. [Xom's mischief]
  3749 | D:8      | Lost mutation: You are weak. (Str -2) [Xom's mischief]
  3749 | D:8      | Gained mutation: You are clumsy. (Dex -2) [Xom's mischief]
  3754 | D:8      | Noticed Erica
  3781 | D:9      | Reached skill level 5 in Shields
  3867 | D:7      | Noticed Duvessa
  3867 | D:7      | Noticed Dowan
  3923 | D:8      | Reached XP level 10. HP: 40/72 MP: 12/12
  4035 | D:8      | Reached ** piety under Cheibriados
  4041 | D:8      | XOM: give mutations
  4041 | D:8      | Lost mutation: You have a pair of small antennae on your
                  | head. [Xom's mischief]
  4041 | D:8      | Lost mutation: Your system is resistant to poisons. (rPois)
                  | [Xom's mischief]
  4041 | D:8      | Gained mutation: Your system is resistant to poisons.
                  | (rPois) [Xom's mischief]
  4056 | D:8      | You fall into a shaft and drop 1 floor!
  4223 | D:9      | Noticed Erica
  4223 | D:9      | Erica changed into Erica the water nymph
  4228 | D:9      | Killed Erica the water nymph
  4228 | D:9      | Reached skill level 10 in Unarmed Combat
  4354 | D:9      | XOM: noise
  4501 | D:9      | Reached *** piety under Cheibriados
  4512 | D:9      | Found Suora Enai's Distillery.
  4512 | D:9      | Found a staircase to the Orcish Mines.
  4533 | D:9      | Found a roughly hewn altar of Beogh.
  4729 | D:6      | Bought a wand of disintegration (9) for 169 gold pieces
  4729 | D:6      | Bought a wand of iceblast (6) for 130 gold pieces
  4769 | D:7      | XOM: chaos upgrade
  4772 | D:7      | Noticed Harold
  4809 | D:7      | Killed Harold
  4837 | D:7      | Reached XP level 11. HP: 82/82 MP: 13/13
  4996 | D:10     | Entered Level 10 of the Dungeon
  5018 | D:10     | XOM: noise
  5294 | D:10     | Reached **** piety under Cheibriados
  5409 | D:11     | Found Keisaest's Book Boutique.
  5409 | D:11     | XOM: 6-stop teleportation journey
  5630 | D:11     | XOM: 1-stop teleportation journey
  5631 | D:11     | Noticed a two-headed ogre
  5641 | D:11     | Killed a two-headed ogre
  5686 | D:11     | Noticed a purple ugly thing
  5693 | D:11     | Killed a purple ugly thing
  5751 | D:12     | Noticed a green ugly thing
  5751 | D:12     | Noticed a wizard
  5767 | D:12     | Killed a green ugly thing
  5775 | D:12     | Noticed an eight-headed hydra
  5775 | D:12     | XOM: polymorph eight-headed hydra -> eight-headed hydra
  5787 | D:12     | Killed an eight-headed hydra
  5787 | D:12     | Reached ***** piety under Cheibriados
  5799 | D:12     | Noticed a red ugly thing
  5824 | D:12     | Killed a wizard
  5836 | D:12     | Killed a red ugly thing
  5883 | D:12     | Noticed Azrael
  5895 | D:12     | Killed from afar by Azrael

Illustrated notes

Levels and vault maps discovered:
D:1:      psy_arrival_fountain, layout_basic, minmay_misc_feat_secret_circle,
          minmay_quantized
D:2:      layout_basic, chequers_ecumenical_altar_simple_redux, first_ration,
          uniq_sigmund, uniq_terence, uniq_natasha
D:3:      layout_basic, lemuel_coloured_pillars_altar, uniq_robin
D:4:      layout_basic, grunt_temple_overflow_champion_of_chaos,
          nicolae_tso_besieged_by_evil
D:5:      layout_layer_cave
D:6:      layout_basic, old_standard_altar, minmay_temple_entry_statues_pillars,
          serial_undead, serial_undead_d, serial_undead_d, serial_undead_d,
          serial_undead_b, serial_shops, kennysheep_mini
D:7:      layout_basic, overflow_temple_1_default, grunt_temple_overflow_open,
          lemuel_doored_altar, uniq_duvessa, uniq_harold, uniq_prince_ribbit1
D:8:      layout_gridville, uniq_psyche, uniq_erica
D:9:      layout_roguey, david_orc_5, serial_ice, serial_ice_c, serial_ice_k,
          serial_ice_g, serial_ice_n, serial_ice_m, serial_ice_o, serial_ice_h,
          serial_ice_d, serial_ice_a, serial_ice_f, serial_shops,
          kennysheep_mini_moat
D:10:     layout_basic
D:11:     layout_basic, lair_entry_dummy, serial_shops, shop_fountains,
          bh_circular_ruins
D:12:     minmay_clustersquares, layout_rooms, uniq_azrael
Temple:   nicolae_temple_figure_zero

Skill      XL: |  1  2  3  4  5  6  7  8  9 10 11 |
---------------+----------------------------------+-----
Stealth        | 4 |  4.0
Unarmed Combat | 4 5 6 7 9 10 | 10.1
Transmutations | 1 |  1.5
Shields        | 2 3 5 7 8 |  8.8
Fighting       | 2 4 5 7 8 |  8.9
Dodging        | 3 4 5 7 9 |  9.1
Short Blades   | |  1.0
Invocations    | |  0.3
Evocations     | |  3.2

Action                   |  1- 3 |  4- 6 |  7- 9 | 10-12 || total
-------------------------+-------+-------+-------+-------++-------
Melee: Short sword       |     5 |    20 |       |       ||    25
       Constrict         |     2 |    22 |    64 |    52 ||   140
       Dagger            |       |    66 |   130 |       ||   196
       Tentacles         |       |    14 |    65 |    81 ||   160
       Punch             |       |     2 |    10 |    43 ||    55
       Unarmed           |       |       |   133 |   262 ||   395
Throw: Dart              |       |       |     4 |     1 ||     5
Evoke: Wand              |     2 |     6 |    18 |    20 ||    46
       Box of beasts     |       |       |       |     1 ||     1
  Use: Scroll            |       |     7 |     5 |     4 ||    16
       Potion            |       |       |    11 |     3 ||    14
 Stab: Sleeping          |     1 |     7 |    16 |    14 ||    38
       Invisible         |       |       |     4 |       ||     4
       Distracted        |       |       |     1 |     5 ||     6
       Betrayed ally     |       |       |       |     1 ||     1
  Eat: Chunk             |       |     1 |     9 |     3 ||    13
Armor: Skin              |       |     6 |    10 |    12 ||    28
Dodge: Dodged            |     1 |    41 |    53 |    87 ||   182
Block: Kite shield       |       |    11 |   133 |   180 ||   324
       Reflection        |       |       |     4 |    15 ||    19

Table legend:
 A = Non-vault XP
 B = Vault XP
 C = Vault XP percentage of total XP
 D = Non-vault monster count
 E = Vault monster count
 F = Vault count percentage of total count
                 A         B        C        D         E       F
            +---------+---------+-------+---------+---------+-------
      Total |    8834 |    8546 |  49.2 |     198 |      83 |  29.5
            +---------+---------+-------+---------+---------+-------
        D:1 |      25 |       4 |  13.8 |      16 |       3 |  15.8
        D:2 |      82 |     312 |  79.2 |      22 |       3 |  12.0
        D:3 |      29 |      29 |  50.0 |      15 |       8 |  34.8
        D:4 |      39 |      47 |  54.7 |       8 |       2 |  20.0
        D:5 |     343 |       0 |   0.0 |      14 |       0 |   0.0
        D:6 |     449 |     223 |  33.2 |      17 |      11 |  39.3
        D:7 |    1531 |    1261 |  45.2 |      25 |       2 |   7.4
        D:8 |    1649 |     442 |  21.1 |      25 |       2 |   7.4
        D:9 |    1571 |    1859 |  54.2 |      18 |      32 |  64.0
       D:10 |    1015 |       0 |   0.0 |      22 |       0 |   0.0
       D:11 |    1971 |      41 |   2.0 |      11 |       2 |  15.4
       D:12 |     130 |    4328 |  97.1 |       5 |      18 |  78.3
            +---------+---------+-------+---------+---------+-------
